 Dungeon Crawl Stone Soup version 0.30-a0-1-g69b7b797bf (webtiles) character file.

Game seed: 119930951374491119

6 BritishOli the Trooper (level 1, -2/18 HPs)
             Began as a Demonspawn Fighter on Aug 19, 2022.
             Slain by an endoplasm (3 damage)
             ... on level 1 of the Dungeon.
             The game lasted 00:00:06 (103 turns).

BritishOli the Trooper (Demonspawn Fighter)          Turns: 103, Time: 00:00:07

Health: -2/18      AC:  6    Str: 16    XL:     1   Next: 75%
Magic:  1/1        EV:  8    Int:  9    God:
Gold:   24         SH:  4    Dex: 12    Spells: 0/0 levels left

rFire   . . .      SeeInvis .    a - +0 long sword
rCold   . . .      Faith    .    c - +0 buckler
rNeg    . . .      Spirit   .    b - +0 scale mail
rPois   .          Reflect  .    (no helmet)
rElec   .          Harm     .    (no cloak)
rCorr   .          Rampage  .    (no gloves)
Will    .....                    (no boots)
Stlth   ..........               (no amulet)
HPRegen 0.06/turn                (no ring)
MPRegen 0.07/turn                (no ring)

@: no status effects
A: no striking features
a: no special abilities


You were on level 1 of the Dungeon.
You visited 1 branch of the dungeon, and saw 1 of its levels.

You collected 24 gold pieces.

Inventory:

Hand Weapons
 a - a +0 long sword (weapon)
Armour
 b - a +0 scale mail (worn)
 c - a +0 buckler (worn)
Scrolls
 e - a scroll of identify {unknown}
Potions
 d - a potion of might


   Skills:
 + Level 3.1 Fighting
 + Level 1.9 Long Blades
 + Level 2.8 Armour
 + Level 2.8 Shields


You couldn't memorise any spells.
You didn't know any spells.
Your spell library was empty.

Dungeon Overview and Level Annotations

Branches:
Dungeon (1/15)

Altars:


Message History

There are monsters nearby!
You barely miss the quokka.
The quokka is heavily wounded.
You block the endoplasm's attack.
The quokka bites you but does no damage.
The endoplasm hits you but does no damage.
There are monsters nearby!
There are monsters nearby!
You closely miss the quokka.
The quokka is heavily wounded.
The quokka bites you. The endoplasm barely misses you. The quokka bites you.
There are monsters nearby!
You are too injured to fight recklessly!
You slash the quokka!
You kill the quokka!
The endoplasm hits you but does no damage.
A goblin comes into view. It is wielding a +0 dagger.
The goblin shouts!
The endoplasm hits you but does no damage.
You see here a quokka corpse.
You hit the endoplasm.
The endoplasm is severely wounded.
The endoplasm hits you.
An endoplasm comes into view.
The endoplasm hits you.
The endoplasm quivers.
You slash the endoplasm!
You kill the endoplasm!
You barely miss the goblin. The goblin hits you but does no damage.
You miss the goblin. The goblin hits you but does no damage.
The goblin closely misses you.
You barely miss the goblin. The endoplasm freezes you.
You are frozen.
* * * LOW HITPOINT WARNING * * *
The goblin hits you but does no damage.
You slash the goblin!
You kill the goblin!
The endoplasm hits you.
You die...

............#
............##♣
..............
...$........#
............#
#..........#
#....J)....+
#.....@.†..#
.........$..#
....>..###'##
....... #.# #.
### #.≈~
.......
#.#.#.##..#.≈~≈
.......
#.##...#....≈≈~
.......
#.##.≈...~~..~~
.......
#.##.~.~~≈~~~.~
#.# #...~~≈≈~..


You could see an endoplasm.

Vanquished Creatures
  An endoplasm (D:1)
  3 goblins (D:1)
  A quokka (D:1)
  A rat (D:1)
6 creatures vanquished.

Notes
Turn   | Place    | Note
-------+----------+-------------------------------------------
     0 | D:1      | BritishOli the Demonspawn Fighter began the quest for the
                  | Orb.
     0 | D:1      | Reached XP level 1. HP: 18/18 MP: 1/1
   103 | D:1      | Slain by an endoplasm

Illustrated notes

Levels and vault maps discovered:
D:1:      dpeg_arrival_subterranean_lakeside_camping, layout_basic,
          serial_shops, nicolae_shop_hallway_plus, serial_forest,
          infiniplex_forest_end_1, infiniplex_forest_corner_1,
          infiniplex_forest_straight_3, infiniplex_forest_clump_small,
          infiniplex_forest_clump_C, infiniplex_forest_corner_1,
          infiniplex_forest_clump_small, infiniplex_forest_end_2,
          ebering_ecumenical_altar_hall

Action                   || total
-------------------------++-------
Melee: Long sword        ||    23
Armor: Scale mail        ||    15
Dodge: Dodged            ||     5
Block: Buckler           ||     5

Table legend: (Time is in decaauts)
 A = Elapsed time spent in this place.
 B = Non-inter-level travel time spent in this place.
 C = Inter-level travel time spent in this place.
 D = Time resting spent in this place.
 E = Time spent auto-exploring this place.
 F = Levels seen in this place.
 G = Mean time per level.
                   A        B        C        D        E       F      G
               +--------+--------+--------+--------+--------+-----+--------+
         Total |    110 |    110 |      0 |      0 |     67 |   1 |  110.0 |
       Dungeon |    110 |    110 |      0 |      0 |     67 |   1 |  110.0 |
               +--------+--------+--------+--------+--------+-----+--------+

Top non-repeatable levels by time:
     D:1: 110 daAuts
